 Dungeon Crawl Stone Soup version 0.17.0-56-gd8de76c (webtiles) character file.

4320 gorblad the Skirmisher (level 10, -5/77 HPs)
             Began as a Mummy Fighter on Dec 5, 2015.
             Was a Follower of Dithmenos.
             Killed by divine providence
             ... invoked by an orc priest
              (9 damage)
             ... on level 8 of the Dungeon.
             The game lasted 00:16:38 (7659 turns).

gorblad the Skirmisher (Mummy Fighter)              Turns: 7659, Time: 00:16:38

Health: -5/77      AC: 14    Str: 22    XL:     10   Next: 11%
Magic:  10/10      EV: 11    Int: 10    God:    Dithmenos [*.....]
Gold:   283        SH: 10    Dex: 13    Spells: 0 memorised, 9 levels left

rFire  x . .     SeeInvis .     d - +1 war axe (venom)
rCold  + . .     Clarity  .     b - +0 scale mail
rNeg   + + +     SustAt   .     c - +0 shield
rPois  ∞         Gourm    .     i - +2 helmet
rElec  .         Spirit   .     (no cloak)
rCorr  .         Warding  .     (no gloves)
rMut   +         Stasis   .     m - +2 pair of boots
MR     +....                    f - amulet of resist mutation
Stlth  ..........               (no ring)
                                q - +3 ring of intelligence

@: wreathed by umbra, somewhat resistant to hostile enchantments, extremely
unstealthy
A: no food or potions, fire vulnerability, cold resistance 1, negative energy
resistance 3, torment resistance, unbreathing
a: Renounce Religion


You were on level 8 of the Dungeon.
You worshipped Dithmenos.
Dithmenos was aware of your devotion.
You were not hungry.

You visited 2 branches of the dungeon, and saw 9 of its levels.

You collected 283 gold pieces.

Inventory:

Hand Weapons
 a - a +1 war axe
 d - a +1 war axe of venom (weapon)
Missiles
 g - 7 tomahawks (quivered)
 o - 4 tomahawks of returning
Armour
 b - a +0 scale mail (worn)
 c - a +0 shield (worn)
 i - a +2 helmet (worn)
 m - a +2 pair of boots (worn)
Jewellery
 f - an amulet of resist mutation (around neck)
 p - an uncursed amulet of rage
 q - a +3 ring of intelligence (left hand)
Wands
 h - a wand of frost (39)
 j - a wand of polymorph (19)
 n - a wand of confusion (31)
 u - a wand of draining (8)
 w - a wand of magic darts (30)
 y - a wand of polymorph (16)
Scrolls
 e - 6 scrolls of remove curse
 k - 2 scrolls of teleportation
 r - a scroll of enchant armour
 t - 2 scrolls of fog
 x - a scroll of blinking
Books
 l - a book of Clouds

   Spells                             Type                      Level
   a - Mephitic Cloud                 Conjuration/Poison/Air       3
   b - Conjure Flame                  Conjuration/Fire             3
   c - Poisonous Cloud                Conjuration/Poison/Air       6
   d - Freezing Cloud                 Conjuration/Ice/Air          6
   e - Ring of Flames                 Charms/Fire                  7
 s - a book of the Dragon

   Spells                             Type                      Level
   a - Flame Tongue                   Conjuration/Fire             1
   b - Cause Fear                     Hexes                        4
   c - Bolt of Fire                   Conjuration/Fire             6
   d - Dragon Form                    Transmutation                7
   e - Dragon's Call                  Summoning                    9


   Skills:
 + Level 6.7 Fighting
 + Level 6.0 Axes
 + Level 0.8 Throwing
 + Level 5.6 Armour
 + Level 5.2 Dodging
 + Level 1.1 Stealth
 + Level 6.3 Shields


You had 9 spell levels left.
You didn't know any spells.

Dungeon Overview and Level Annotations

Branches:
Dungeon (8/15)             Temple (1/1) D:7
   Lair: D:8-11

Altars:
Ashenzari
Cheibriados
Dithmenos
Elyvilon
Fedhas
Gozag
Kikubaaqudgha
Makhleb
Nemelex Xobeh
Okawaru
Qazlal
Ru
Sif Muna
Trog
Vehumet
Xom
Yredelemnul
Zin
The Shining One

Shops:
D:5 ((%


Innate Abilities, Weirdness & Mutations

You do not eat or drink.
Your flesh is vulnerable to fire.
You are immune to poison.
Your flesh is cold resistant.
You are immune to negative energy.
You are immune to unholy pain and torment.
You can survive without breathing.


Message History

Dithmenos accepts your kill.
The orc priest mumbles some strange prayers to Beogh against you.
Something smites you!
* * * LOW HITPOINT WARNING * * *
The orc priest hits you with a hand axe.
* * * LOW HITPOINT WARNING * * *
Items here: )) †† a flail; a giant club; an orc corpse; an ogre corpse You are too injured to fight recklessly!
You are too injured to fight recklessly!
You are too injured to fight recklessly!
You hit the orc priest but do no damage.
The orc priest is poisoned.
The orc priest hits you but does no damage.
You hit the orc priest but do no damage.
The orc priest looks even sicker.
The orc priest is lightly wounded.
The orc priest mumbles some strange prayers to Beogh against you.
Something smites you!
You die...

...... ....... ######
.....##### #....[...
#..>... #...# # #...# .#
##..# #.## #.#
#.o##...#..# #### #.#
#..@....$..#
...####.#######.##...##.#
#..........)............#
##....#.#.###.#.###.#####
......#.#.# #.#.# <#
.).#..#.#.###.#.# .#
_..##.#.......#.# #
.).#............#
..)....##.#########


You could see an orc priest.

Vanquished Creatures
  The ghost of Mashchax the Thaumaturge, a novice DEWz of Vehumet (D:7)
  The ghost of dohliylev the Caller, an amateur DESu of Vehumet (D:5)
  A hungry ghost (D:8)
  Edmund (D:6)
  2 wargs (D:8)
  2 water moccasins
  A phantom (D:6)
  2 ice beasts (D:8)
  A necrophage (D:5)
  3 ogres
  3 sky beasts
  2 orc warriors (D:8)
  A black bear (D:6)
  A wyvern zombie (D:8)
  A gnoll sergeant (D:6)
  4 giant frogs
  2 scorpions
  4 killer bees (D:8)
  3 hounds
  7 crimson imps
  2 giant frog zombies (D:6)
  A centaur zombie (D:6)
  3 jellies
  2 orc priests (D:8)
  A giant frog skeleton (D:7)
  5 orc wizards
  Terence (D:2)
  3 worker ants
  Natasha (thrice) (D:2)
  An iguana (D:5)
  A killer bee zombie (D:7)
  A hound zombie (D:8)
  6 gnolls
  Robin (D:2)
  8 adders
  2 shadow imps
  2 worms
  3 giant geckos
  21 orcs
  2 ball pythons
  7 giant cockroaches
  13 goblins
  8 hobgoblins
  18 jackals
  8 kobolds
  4 quokkas
  A ball python skeleton (D:4)
  5 bats
  10 giant newts
  A jackal skeleton (D:4)
  6 rats
  A bush (D:7)
  2 plants (D:7)
196 creatures vanquished.

Notes
Turn   | Place    | Note
--------------------------------------------------------------
     0 | D:1      | gorblad the Mummy Fighter began the quest for the Orb.
     0 | D:1      | Reached XP level 1. HP: 18/18 MP: 1/1
   358 | D:1      | Reached XP level 2. HP: 22/24 MP: 2/2
   925 | D:2      | Noticed Terence
   931 | D:2      | Reached XP level 3. HP: 20/29 MP: 3/3
   945 | D:2      | Killed Terence
  1074 | D:2      | Noticed Natasha
  1080 | D:2      | Killed Natasha
  1080 | D:2      | Reached skill level 1 in Dodging
  1080 | D:2      | Reached XP level 4. HP: 18/36 MP: 4/4
  1303 | D:2      | Noticed Robin
  1340 | D:2      | Killed Robin
  1340 | D:2      | Reached XP level 5. HP: 32/42 MP: 5/5
  1401 | D:2      | Noticed Natasha
  1411 | D:2      | Killed Natasha
  1566 | D:2      | Noticed Natasha
  1572 | D:2      | Killed Natasha
  1978 | D:3      | Reached skill level 4 in Fighting
  2214 | D:4      | Noticed a sky beast
  2223 | D:4      | Killed a sky beast
  2223 | D:4      | Reached XP level 6. HP: 22/48 MP: 6/6
  2507 | D:4      | Found a bloodstained altar of Trog.
  2520 | D:4      | Found a shimmering altar of Xom.
  3365 | D:5      | Entered Level 5 of the Dungeon
  3436 | D:5      | Found Ehawkies's Food Boutique.
  3474 | D:5      | Reached XP level 7. HP: 53/55 MP: 7/7
  3520 | D:5      | Found Riguf's Antique Weapon Boutique.
  3775 | D:5      | Found Ohucseimp's Weapon Emporium.
  3828 | D:5      | Noticed dohliylev's ghost (amateur DESu)
  3841 | D:5      | Killed dohliylev's ghost
  4102 | D:5      | Reached XP level 8. HP: 35/61 MP: 8/8
  4413 | D:6      | Reached skill level 5 in Fighting
  4704 | D:6      | Noticed Edmund
  4716 | D:6      | Killed Edmund
  4743 | D:6      | Reached skill level 5 in Shields
  4915 | D:6      | Found a deep blue altar of Sif Muna.
  5055 | D:6      | Reached skill level 1 in Stealth
  5272 | D:6      | Reached XP level 9. HP: 69/69 MP: 9/9
  5299 | D:6      | Reached skill level 5 in Axes
  5498 | D:7      | Found a staircase to the Ecumenical Temple.
  5533 | Temple   | Entered the Ecumenical Temple
  5640 | Temple   | Became a worshipper of Dithmenos the Shadowed
  5869 | D:7      | Noticed Mashchax's ghost (novice DEWz)
  5874 | D:7      | Reached skill level 6 in Fighting
  5899 | D:7      | Killed Mashchax's ghost
  5899 | D:7      | Reached skill level 5 in Armour
  6820 | D:8      | Found an iron altar of Okawaru.
  6840 | D:8      | Reached skill level 5 in Dodging
  7589 | D:8      | Reached XP level 10. HP: 74/77 MP: 10/10
  7638 | D:8      | Reached * piety under Dithmenos
  7657 | D:8      | HP: 3/77 [orc priest/hand axe (4)]
  7659 | D:8      | Killed from afar by an orc priest

Action                   |  1- 3 |  4- 6 |  7- 9 | 10-12 || total
-------------------------+-------+-------+-------+-------++-------
Melee: War axe           |    89 |   229 |   406 |    30 ||   754
Throw: Tomahawk          |       |     6 |    14 |       ||    20
  Use: Scroll            |     6 |    10 |     7 |       ||    23
